 Dungeon Crawl Stone Soup version 0.28.0-47-ge53b351184 (webtiles) character file.

Game seed: 3471635142971246083

54 NinjaNoafa the Ruffian (level 3, -1/34 (36) HPs)
             Began as a Troll Fighter on May 5, 2022.
             Slain by Crazy Yiuf
             ... wielding a +3 quarterstaff of chaos
              (8 damage)
             ... on level 2 of the Dungeon.
             The game lasted 00:03:39 (1139 turns).

NinjaNoafa the Ruffian (Troll Fighter)              Turns: 1139, Time: 00:03:39

HP:   -1/34 (36)    AC: 13    Str: 24    XL:     3   Next: 66%
MP:   0/2           EV:  5    Int:  4    God:
Gold: 61            SH:  7    Dex: 11    Spells: 2/2 levels left

rFire   . . .      SeeInvis .     - Unarmed
rCold   . . .      Faith    .   b - +0 kite shield
rNeg    . . .      Spirit   .   h - +0 shadow dragon scales
rPois   .          Reflect  .   (helmet restricted)
rElec   .          Harm     .   d - +0 cloak
rCorr   .          Rampage  .   (gloves unavailable)
Will    .....                   (boots unavailable)
Stlth   ++........              (no amulet)
HPRegen 0.91/turn               (no ring)
MPRegen 0.08/turn               (no ring)

@: mighty, lethally poisoned (-1 -> -1), drained
A: large, unfitting armour, claws 3, regeneration 1, shaggy fur 1, tough skin 1
a: no special abilities


You were on level 2 of the Dungeon.
You visited 1 branch of the dungeon, and saw 2 of its levels.

You collected 61 gold pieces.

Inventory:

Armour
 a - a +0 robe
 b - a +0 kite shield (worn)
 d - a +0 cloak (worn)
 h - +0 shadow dragon scales (worn)
Jewellery
 j - a +6 ring of intelligence
Scrolls
 e - a scroll of torment {unknown}
 f - a scroll of vulnerability {unknown}
 g - a scroll of brand weapon {unknown}
 l - a scroll of identify {unknown}
 m - a scroll of blinking {unknown}
Potions
 c - a potion of might
 i - a potion of brilliance {unknown}
 k - 2 potions of heal wounds {unknown}


   Skills:
 - Level 2.7 Fighting
 + Level 0.4 Armour
 - Level 2.7 Dodging
 + Level 0.2 Stealth
 - Level 2.7 Shields
 - Level 2.8 Unarmed Combat


You had 2 spell levels left.
You didn't know any spells.
Your spell library contained the following spells:

 Spells                   Type           Power      Damage    Failure   Level
 Animate Skeleton         Necr           0%         N/A       100%        1
 Apportation              Tloc           0%         N/A       100%        1
 Summon Small Mammal      Summ           0%         N/A       100%        1


Dungeon Overview and Level Annotations

Branches:
Dungeon (2/15)

Altars:

Annotations:
D:2 Crazy Yiuf


Innate Abilities, Weirdness & Mutations

You are too large for most types of armour.
You have claws for hands.
Your natural rate of healing is unusually fast.
You are covered in fur. (AC +1)
You have tough skin. (AC +1)


Message History

There is an open door here.
Could not explore, unopened runed door.
You feel very mighty all of a sudden.
You open the door.
Crazy Yiuf grits, "Shower unthinkable shrimp!"
Crazy Yiuf hits you with a +3 quarterstaff of chaos.
You are poisoned.
There is an open translucent door, spattered with blood here.
You closely miss Crazy Yiuf.
You feel very sick. Crazy Yiuf hits you but does no damage.
You barely miss Crazy Yiuf.
You feel sick.
Crazy Yiuf hits you with a +3 quarterstaff of chaos.
You feel your power leaking away.
You scratch Crazy Yiuf.
Crazy Yiuf is moderately wounded.
You feel sick.
Crazy Yiuf hits you with a +3 quarterstaff of chaos.
You feel drained.
Crazy Yiuf hits you with a +3 quarterstaff of chaos!
You claw Crazy Yiuf!
Crazy Yiuf is severely wounded.
You feel sick. You block Crazy Yiuf's attack.
You completely miss Crazy Yiuf.
Crazy Yiuf is severely wounded.
You feel sick.
Crazy Yiuf grits, "Snoogle aubergine sizzlefizz!"
Crazy Yiuf hits you with a +3 quarterstaff of chaos.
* * * LOW HITPOINT WARNING * * *
You scratch Crazy Yiuf.
Crazy Yiuf is severely wounded.
You feel sick.
Crazy Yiuf hits you with a +3 quarterstaff of chaos.
* * * LOW HITPOINT WARNING * * *
You feel drained.
You barely miss Crazy Yiuf.
Crazy Yiuf is severely wounded.
You feel sick.
Crazy Yiuf hits you with a +3 quarterstaff of chaos!
You die...

#### ♣♣#### ##### #)..#♣♣
♣♣.+..## ....# #...@.♣♣♣♣......#
....# #..g#♣..♣.......# ....#
#### ♣♣♣.♣..+...# ### ....#
♣♣♣♣♣##.># #.. ....# #..# #..
#.#<######################..###..
.....................'.'....'....
#....#####.##(.......###....###..
##########..#........# #...(###..


You could see Crazy Yiuf.

Vanquished Creatures
  An adder (D:2)
  3 endoplasms
  A giant cockroach (D:2)
  11 goblins
  6 hobgoblins
  4 kobolds
  A quokka (D:1)
  6 ball pythons
  2 bats (D:1)
  3 frilled lizards (D:2)
  4 rats
42 creatures vanquished.

Notes
Turn   | Place    | Note
-------+----------+-------------------------------------------
     0 | D:1      | NinjaNoafa the Troll Fighter began the quest for the Orb.
     0 | D:1      | Reached XP level 1. HP: 22/22 MP: 0/0
   103 | D:1      | Reached XP level 2. HP: 27/29 MP: 1/1
   335 | D:1      | Found a faded altar of an unknown god.
   583 | D:2      | Found a runed translucent door.
   584 | D:2      | Noticed Crazy Yiuf
   680 | D:2      | Reached XP level 3. HP: 23/36 MP: 2/2
  1139 | D:2      | Slain by Crazy Yiuf

Illustrated notes

Levels and vault maps discovered:
D:1:      amcnicky_arrival_choice, layout_rooms,
          hellmonk_ecumenical_altar_inner_sanctum
D:2:      layout_basic, minmay_goblin_outpost, uniq_crazy_yiuf_cottage

Action                   || total
-------------------------++-------
Melee: Unarmed           ||   121
Throw: Dart              ||    10
  Use: Potion            ||     1
 Stab: Sleeping          ||     2
Armor: Robe              ||    43
       Shadow dragon sca ||     5
Dodge: Dodged            ||    43
Block: Kite shield       ||    47
